 Dungeon Crawl Stone Soup version 0.30-a0-857-gcaf70739d4 (webtiles) character file.

Game seed: 11107772447283639259

192 Jossarian the Magician (level 5, -1/24 HPs)
             Began as a Spriggan Conjurer on Mar 5, 2023.
             Killed from afar by Natasha (9 damage)
             ... with a puff of flame
             ... on level 2 of the Dungeon.
             The game lasted 00:31:59 (2906 turns).

Jossarian the Magician (Spriggan Conjurer)          Turns: 2906, Time: 00:31:59

Health: -1/24      AC:  2    Str:  5    XL:     5   Next: 42%
Magic:  8/12       EV: 17    Int: 20    God:
Gold:   79         SH:  0    Dex: 13    Spells: 9/12 levels left

rFire   . . .      SeeInvis +    d - +1 sling
rCold   . . .      Faith    .    (no shield)
rNeg    . . .      Spirit   .    a - +0 robe
rPois   .          Reflect  .    (helmet restricted)
rElec   .          Rampage  .    (no cloak)
rCorr   .                        (gloves unavailable)
Will    .....                    (boots unavailable)
Stlth   ++                       (no amulet)
HPRegen 0.24/turn                (no ring)
MPRegen 0.13/turn                (no ring)

@: very slightly contaminated, slowed, quick
A: very small, no large weapons, unfitting armour, see invisible, speed 3
a: no special abilities


You were on level 2 of the Dungeon.
You visited 1 branch of the dungeon, and saw 2 of its levels.

You collected 79 gold pieces.

Inventory:

Hand Weapons
 d - a +1 sling (weapon)
Missiles
 e - 5 stones
 f - an atropa-tipped dart (quivered)
Armour
 a - a +0 robe (worn)
 n - the +1 robe of Beogh's Reproof {rN++ Dex+3 Slay+6 Stlth-}
   (You found it on level 2 of the Dungeon)

   Dex:       It affects your dexterity (+3).
   Slay:      It affects your accuracy & damage with ranged weapons and melee
   (+6).
   rN:        It greatly protects you from negative energy.
   Stlth:     It makes you less stealthy.
Wands
 c - a wand of polymorph (2)
Scrolls
 k - a scroll of fog
Potions
 b - a potion of magic
 l - a potion of haste
 p - a potion of might {unknown}
 q - a potion of lignification {unknown}


   Skills:
 + Level 1.2 Ranged Weapons
 + Level 0.7 Throwing
 + Level 3.0 Dodging
 + Level 3.5 Stealth
 + Level 4.3 Spellcasting
 + Level 4.1 Conjurations


You had 9 spell levels left.
You knew the following spells:

 Your Spells              Type           Power      Damage    Failure   Level
a - Magic Dart            Conj           80%        1d7       2%          1
b - Searing Ray           Conj           40%        2d5       3%          2

Your spell library contained the following spells:

 Spells                   Type           Power      Damage    Failure   Level
 Dazzling Flash           Conj/Hex       24%        N/A       16%         3
 Call Canine Familiar     Summ           4%         N/A       36%         3
 Portal Projectile        Hex/Tloc       8%         N/A       36%         3
 Fulminant Prism          Conj/Hex       6%         3d7       47%         4
 Iskenderun's Mystic Bla  Conj/Tloc      12%        2d5       47%         4
 Anguish                  Hex/Necr       2%         N/A       77%         4
 Leda's Liquefaction      Hex/Erth       2%         N/A       77%         4
 Enfeeble                 Hex            2%         N/A       100%        7


Dungeon Overview and Level Annotations

Branches:
Dungeon (2/15)

Altars:

Shops:
D:1 =

Annotations:
D:2 Natasha


Innate Abilities, Weirdness & Mutations

You are very small and have problems with some larger weapons.
You are too small for most types of armour.
You have supernaturally acute eyesight. (SInv)
You cover ground extremely quickly. (Speed+++)


Message History

The ball python hisses angrily.
Casting: Magic Dart (safe; 2% risk of failure)
Confirm with . or Enter, or press ? or * to list all spells.
Aiming: Magic Dart (safe; 2% risk of failure)
Press: ? - help, Shift-Dir - straight line, f - Natasha
Aim: Natasha, carrying a wand of flame (15) (100% to hit)
You miscast Magic Dart.
You are very lightly contaminated with residual magic.
Nothing appears to happen.
Natasha zaps a wand.
The puff of flame hits you.
Casting: Magic Dart (safe; 2% risk of failure)
Confirm with . or Enter, or press ? or * to list all spells.
Aiming: Magic Dart (safe; 2% risk of failure)
Press: ? - help, Shift-Dir - straight line, f/p - Natasha
Aim: Natasha, carrying a wand of flame (14) (100% to hit)
The magic dart hits Natasha.
Natasha is lightly wounded.
Natasha zaps a wand.
The puff of flame hits you.
Casting: Magic Dart (safe; 2% risk of failure)
Confirm with . or Enter, or press ? or * to list all spells.
Aiming: Magic Dart (safe; 2% risk of failure)
Press: ? - help, Shift-Dir - straight line, f/p - Natasha
Aim: Natasha, carrying a wand of flame (13) (lightly wounded, 100% to hit)
The magic dart hits the ball python.
You kill the ball python!
Your magical contamination has completely faded away.
Casting: Magic Dart (safe; 2% risk of failure)
Confirm with . or Enter, or press ? or * to list all spells.
Aiming: Searing Ray (safe; 3% risk of failure)
Press: ? - help, Shift-Dir - straight line, f/p - Natasha
Aim: Natasha, carrying a wand of flame (13) (lightly wounded, 72% to hit)
You miscast Searing Ray.
You are very lightly contaminated with residual magic.
Nothing appears to happen.
Natasha attacks as you move away! Natasha claws you.
Natasha attacks as you move away! Natasha misses you.
Natasha zaps a wand.
The puff of flame misses you.
Natasha zaps a wand.
The puff of flame hits you!
* * * LOW HITPOINT WARNING * * *
Natasha zaps a wand.
The puff of flame hits you!
You die...

#((........................####
#.##)...†..........##..##.##
#.##...............#..###.#
#.##...............#..# #.# #
#.##..............)...# #.#
###.........h........##.# #.#
#.).####............###.# #.#
..#.# #######........##.# #.#
..#.###.####..##@....##.# #####
..........##.##.......#.# #....
..)...###.............#.### #....
.>.....#####...##.#.......###....
........# ##..##..#.##...........
........###..#...##.........#....
.........##............#.##.#....
###.........##.#####.............
#.#.....#...#........###.#....>#.


You could see Natasha.

Vanquished Creatures
  Terence (D:2)
  Natasha (twice) (D:2)
  Robin (D:2)
  4 adders
  2 worms (D:2)
  A dart slug (D:1)
  9 ball pythons
  4 bats
  6 endoplasms
  3 giant cockroaches
  9 goblins
  4 hobgoblins
  2 jackals (D:2)
  3 kobolds
  2 quokkas (D:2)
  5 frilled lizards
  5 rats
63 creatures vanquished.

Notes
Turn   | Place    | Note
-------+----------+-------------------------------------------
     0 | D:1      | Jossarian the Spriggan Conjurer began the quest for the
                  | Orb.
     0 | D:1      | Reached XP level 1. HP: 9/9 MP: 5/5
   179 | D:1      | Reached XP level 2. HP: 13/13 MP: 3/6
   182 | D:1      | Learned a level 2 spell: Searing Ray
   683 | D:1      | Found Xic Qer's Jewellery Shoppe.
   992 | D:2      | Reached XP level 3. HP: 16/16 MP: 4/8
  1061 | D:2      | Noticed Robin
  1415 | D:1      | Reached skill level 1 in Ranged Weapons
  1415 | D:1      | Reached XP level 4. HP: 13/21 MP: 4/9
  1488 | D:2      | Killed Robin
  1692 | D:2      | Identified the +1 robe of Beogh's Reproof {rN++ Dex+3
                  | Slay+6 Stlth-}
  1938 | D:2      | Noticed Natasha
  2190 | D:2      | Noticed Terence
  2249 | D:2      | Killed Natasha
  2425 | D:2      | Reached XP level 5. HP: 24/24 MP: 6/12
  2463 | D:2      | Noticed Natasha
  2470 | D:2      | Killed Natasha
  2830 | D:2      | Noticed Natasha
  2832 | D:2      | Killed Terence
  2906 | D:2      | Killed from afar by Natasha

Illustrated notes

Levels and vault maps discovered:
D:1:      lightli_arrival_windingriver, layout_rooms, serial_shops, shop
D:2:      layout_rooms, minmay_heptomino_o4, uniq_natasha, uniq_robin,
          uniq_terence

Skill      XL: |  1  2  3  4 |
---------------+-------------+-----
Conjurations   | 3 4 |  4.1
Spellcasting   | 3 4 |  4.3
Ranged Weapons | 1 |  1.2
Dodging        | 3 |  3.0
Throwing       | |  0.7
Stealth        | |  3.5

Action                     |  1- 3 |  4- 6 || total
---------------------------+-------+-------++-------
   Fire: Sling             |     4 |       ||     4
  Throw: Dart              |     4 |    16 ||    20
   Cast: Magic Dart        |    56 |    35 ||    91
         Searing Ray       |     9 |    12 ||    21
    Use: Scroll            |       |     6 ||     6
 Armour: Robe              |     1 |       ||     1
  Dodge: Dodged            |    26 |     6 ||    32

Table legend: (Time is in decaauts)
 A = Elapsed time spent in this place.
 B = Non-inter-level travel time spent in this place.
 C = Inter-level travel time spent in this place.
 D = Time resting spent in this place.
 E = Time spent auto-exploring this place.
 F = Levels seen in this place.
 G = Mean time per level.
                   A        B        C        D        E       F      G
               +--------+--------+--------+--------+--------+-----+--------+
         Total |   2404 |   1844 |    560 |   1305 |      0 |   2 | 1202.0 |
       Dungeon |   2404 |   1844 |    560 |   1305 |      0 |   2 | 1202.0 |
               +--------+--------+--------+--------+--------+-----+--------+

Top non-repeatable levels by time:
     D:1: 1386 daAuts
     D:2: 1017 daAuts
